Map: Lerilak Crest

Players

CaptRaynor - Winner!

  • Race: Protoss Protoss
  • League: Grandmaster

Rath

  • Race: Protoss Protoss
  • League: Grandmaster

VOD

Have the link to the VOD?

Description

Time

  • Played on: June 1, 2015, 12:20 a.m.
  • Length: 7:38
Show
View Real Time Build Order
Export as new Build Order

CaptRaynor Protoss - Winner!

Build Orders:  

Get SALT Encoding   

  12  0:03  Probe  
  13  0:16  Probe  
  14  0:30  Pylon  
  14  0:48  Probe (Chrono Boost)  
  15  0:51  Pylon  
  15  0:55  Gateway  
  15  1:00  Probe (Chrono Boost), Assimilator  
  16  1:08  Probe (Chrono Boost)  
  17  1:17  Probe (Chrono Boost)  
  18  1:24  Probe (Chrono Boost)  
  19  1:34  Probe  
  19  1:35  Assimilator  
  20  1:46  Probe (Chrono Boost)  
  21  1:48  Nexus  
  21  1:58  Cybernetics Core  
  21  2:01  Probe  
  22  2:14  Probe (Chrono Boost)  
  23  2:26  Probe (Chrono Boost)  
  24  2:34  Probe (Chrono Boost), Zealot  
  27  2:44  Mothership Core  
  28  2:45  Warp Gate (Chrono Boost)  
  28  2:54  Gateway  
  28  2:55  Gateway  
  27  2:59  Pylon  
  27  3:05  Probe  
  28  3:12  Probe  
  29  3:24  Probe x2  
  29  3:37  Stargate  
  29  3:39  Pylon  
  29  3:48  Probe x2  
  31  3:58  Nexus  
  31  4:00  Probe  
  31  4:01  Probe  
  28  4:32  Probe x2  
  28  4:35  Stalker x3  
  35  4:51  Oracle (Chrono Boost)  
  38  5:08  Adept  
  38  5:09  Zealot  
  38  5:10  Zealot  
  37  5:38  Probe x3  
  40  5:54  Probe x3  
  43  6:03  Assimilator  
  43  6:08  Assimilator  
  43  6:20  Probe x2  
  43  6:21  Probe  
  46  6:26  Pylon  
  46  6:31  Zealot x3  
  52  6:43  Probe x3  
  52  6:46  Void Ray  
  59  6:54  Pylon  
  59  6:56  Probe x3, Pylon  
  62  7:04  Stalker x3  
  65  7:30  Stalker x3  
Show
View Real Time Build Order
Export as new Build Order

Rath Protoss 

Build Orders:  

Get SALT Encoding   

  12  0:06  Probe  
  13  0:19  Probe  
  14  0:24  Pylon  
  14  0:42  Probe (Chrono Boost), Assimilator  
  15  0:44  Gateway  
  15  0:54  Probe (Chrono Boost)  
  16  1:02  Probe (Chrono Boost)  
  17  1:08  Assimilator  
  18  1:11  Probe (Chrono Boost)  
  18  1:13  Pylon  
  18  1:20  Probe (Chrono Boost)  
  19  1:28  Probe  
  20  1:34  Cybernetics Core  
  20  1:38  Zealot (Chrono Boost)  
  22  1:40  Probe  
  23  1:53  Gateway  
  23  1:56  Probe  
  24  2:08  Probe  
  24  2:14  Adept (Chrono Boost)  
  27  2:20  Probe  
  28  2:33  Mothership Core  
  30  2:48  Pylon  
  30  2:49  Warp Gate (Chrono Boost)  
  30  3:06  Adept x2  
  30  3:09  Stargate  
  30  3:10  Probe  
  35  3:30  Nexus  
  35  3:33  Stalker (Chrono Boost)  
  37  3:55  Stalker (Chrono Boost)  
  37  3:59  Pylon  
  37  4:00  Probe  
  38  4:16  Oracle  
  39  4:59  Probe  
  40  5:05  Probe  
  41  5:11  Probe  
  42  5:22  Gateway  
  42  5:23  Gateway  
  42  5:38  Probe (Chrono Boost)  
  42  5:39  Probe (Chrono Boost)  
  44  5:44  Void Ray  
  44  5:48  Probe (Chrono Boost)  
  49  5:52  Stargate  
  49  5:55  Pylon  
  49  5:58  Pylon  
  44  6:30  Probe (Chrono Boost)  
  44  6:31  Probe (Chrono Boost)  
  46  6:37  Phoenix (Chrono Boost)  
  51  6:40  Phoenix (Chrono Boost)  
  51  6:41  Probe (Chrono Boost)  
  51  6:56  Phoenix  
Tags
 
Add a new tag
Caveats
  • Supply blocks, unpowered buildings, or Contaminate may cause inaccurate times.
  • Supply counts are checked every 10 seconds.